 Dungeon Crawl Stone Soup version 0.31.0-9-g3a7656b989 (webtiles) character file.

Game seed: 17219209314981044198

78 qw the Shooter (level 4, -1/22 HPs)
             Began as a Spriggan Hunter on Feb 2, 2024.
             Succumbed to a hobgoblin's poison
             ... on level 3 of the Dungeon.
             The game lasted 00:00:05 (1396 turns).

qw the Shooter (Spriggan Hunter)                    Turns: 1396, Time: 00:00:06

Health: -1/22      AC:  2    Str:  7    XL:     4   Next: 15%
Magic:  5/5        EV: 19    Int: 10    God:
Gold:   88         SH:  0    Dex: 20    Spells: 3/3 levels left

rFire   . . .        a - +0 shortbow (flame)
rCold   . . .        (shield currently unavailable)
rNeg    . . .        c - +0 robe
rPois   .            (helmet restricted)
rElec   .            (no cloak)
rCorr   .            (gloves unavailable)
SInv    +            (boots unavailable)
Will    +....        (no amulet)
Stlth   ++           b - ring of willpower
HPRegen 0.23/turn    (no ring)
MPRegen 0.09/turn

%: no passive effects
@: lethally poisoned (-1 -> -12), about to teleport, very quick
A: very small, no large weapons, unfitting armour, see invisible, speed 3
a: no special abilities


You were on level 3 of the Dungeon.
You visited 1 branch of the dungeon, and saw 3 of its levels.

You collected 88 gold pieces.


Innate Abilities, Weirdness & Mutations

You are very small and have problems with some larger weapons.
You are too small for most types of armour.
You have supernaturally acute eyesight. (SInv)
You cover ground extremely quickly. (Speed+++)


   Skills:
 - Level 1.5 Fighting
 - Level 5.1 Ranged Weapons
 + Level 4.3 Dodging
 - Level 1.5 Stealth


You had 3 spell levels left.
You didn't know any spells.
Your spell library was empty.

Inventory:

Hand Weapons
 a - a +0 shortbow of flaming (weapon)
Armour
 c - a +0 robe (worn)
Jewellery
 b - a ring of willpower (left hand)
Wands
 g - a wand of polymorph (5)
Scrolls
 f - a scroll of immolation {unknown}
 h - 2 scrolls of enchant armour
Potions
 e - 2 potions of curing

Dungeon Overview and Level Annotations

Branches:
Dungeon (3/15)

Altars:
Sif Muna


Message History

You hear an angry hiss.
The hobgoblin throws a poisoned dart.
The poisoned dart misses you.
You shoot an arrow. The arrow hits the hobgoblin.
The arrow burns the hobgoblin.
The hobgoblin is moderately wounded.
You shoot an arrow.
The arrow completely misses the hobgoblin.
You shoot an arrow.
The arrow hits the hobgoblin but does no damage.
The hobgoblin is moderately wounded.
A frilled lizard comes into view.
The hobgoblin throws a poisoned dart.
The poisoned dart hits you!
You are poisoned.
You shoot an arrow.
The arrow hits the hobgoblin but does no damage.
The hobgoblin is moderately wounded.
You feel very sick.
You shoot an arrow. The arrow barely misses the hobgoblin.
You feel sick.
The hobgoblin throws a poisoned dart.
The poisoned dart hits you!
You are more poisoned.
You shoot an arrow. The arrow closely misses the hobgoblin.
The arrow barely misses the frilled lizard.
You feel very sick.
The hobgoblin throws a poisoned dart.
The poisoned dart hits you!
You are lethally poisoned!
You shoot an arrow.
The arrow hits the hobgoblin but does no damage.
The hobgoblin is moderately wounded.
You feel very sick.
You shoot an arrow. The arrow hits the hobgoblin.
The arrow burns the hobgoblin.
The hobgoblin is severely wounded.
You feel very sick. The hobgoblin barely misses you.
1395 ||| READING scroll of teleportation.
As you read the scroll of teleportation, it crumbles to dust.
You feel strangely unstable.
You feel very sick. The hobgoblin completely misses you.
You shoot an arrow.
The arrow completely misses the hobgoblin.
You die...

#...#.### ..#
##...##
#...#..#
#.###..###
...##.##
#..##.## #.#..#
#...## ####..##
#......#
#.##......#
#.....l@..# ...
####..g....#
#.# #.......#
.. #..........
...
#...$....#.#..
)##
#.(..$.........
##
...#...........
#
..#######......


You could see a hobgoblin and a frilled lizard.

Vanquished Creatures
  2 adders (D:2)
  A dart slug (D:1)
  A ribbon worm (D:3)
  A bat (D:1)
  6 endoplasms
  2 giant cockroaches
  2 goblins (D:1)
  8 hobgoblins
  6 jackals (D:1)
  2 quokkas (D:2)
  9 ball pythons
  3 frilled lizards
  A kobold (D:1)
  7 rats
51 creatures vanquished.

Notes
Turn   | Place    | Note
-------+----------+-------------------------------------------
     0 | D:1      | qw the Spriggan Hunter began the quest for the Orb.
     0 | D:1      | Reached XP level 1. HP: 10/10 MP: 2/2
     0 | D:1      | 0 ||| qw: Version: 0.3-a-155-g5e7d8dd
     0 | D:1      | 0 ||| qw: Game counter: 99
     0 | D:1      | 0 ||| qw: Melee chars always use a shield: true
     0 | D:1      | 0 ||| qw: God list: Okawaru
     0 | D:1      | 0 ||| qw: Allow faded altars: false
     0 | D:1      | 0 ||| qw: Do Orc after clearing Dungeon:15 true
     0 | D:1      | 0 ||| qw: Do second Lair branch before Depths: true
     0 | D:1      | 0 ||| qw: Lair rune preference: random
     0 | D:1      | 0 ||| qw: Goals: Normal
     0 | D:1      | 0 ||| PLANNING D:1-11
     8 | D:1      | Reached skill level 3 in Dodging
    69 | D:1      | Reached XP level 2. HP: 14/14 MP: 3/3
   303 | D:1      | Reached XP level 3. HP: 8/18 MP: 4/4
   749 | D:1      | Found a faded altar of an unknown god.
   750 | D:1      | 750 ||| READING 2 scrolls labelled QUQUECL CEQE.
   753 | D:1      | 753 ||| READING 2 scrolls labelled WITEGA SEDA.
   753 | D:1      | 753 ||| IDENTIFYING murky red potion
   754 | D:1      | 754 ||| READING scroll of identify.
   754 | D:1      | 754 ||| IDENTIFYING white potion
   755 | D:1      | 755 ||| READING scroll labelled QUOVAU EWETAA.
   755 | D:1      | 755 ||| BRANDING +0 shortbow.
   756 | D:1      | 756 ||| DROPPING scroll of butterflies.
   757 | D:1      | 757 ||| DROPPING potion of degeneration.
   947 | D:2      | Reached skill level 5 in Ranged Weapons
  1197 | D:2      | Reached XP level 4. HP: 22/22 MP: 5/5
  1214 | D:2      | 1214 ||| UPGRADING to ring of willpower.
  1215 | D:2      | 1215 ||| READING scroll of identify.
  1215 | D:2      | 1215 ||| IDENTIFYING fizzy black potion
  1216 | D:2      | 1216 ||| READING 2 scrolls labelled PIEMUY PUCIUCOKK.
  1217 | D:2      | 1217 ||| READING 3 scrolls labelled QAISTR ICVYFOCZE.
  1217 | D:2      | 1217 ||| ENCHANTING +0 shortbow of flaming.
  1218 | D:2      | 1218 ||| DROPPING scroll of fear.
  1219 | D:2      | 1219 ||| DROPPING potion of magic.
  1250 | D:3      | Found a shimmering blue altar of Sif Muna.
  1306 | D:3      | 1306 ||| READING scroll labelled EMERCHA LAREFA.
  1394 | D:3      | HP: 4/22 [poisoned by a hobgoblin]
  1395 | D:3      | 1395 ||| READING scroll of teleportation.
  1395 | D:3      | HP: 1/22 [poisoned by a hobgoblin]
  1396 | D:3      | Succumbed to a hobgoblin's poison

Levels and vault maps discovered:
D:1:      orjb1_lava_funnel, layout_basic,
          shapermc_ecumenical_altar_mp_ritualfount, item_on_display_a
D:2:      layout_rooms
D:3:      layout_rooms, fedhas_altar_fruit_tree, mainiacjoe_overflow_alcove_4,
          minmay_puff

Skill      XL: |  1  2  3 |
---------------+----------+-----
Dodging        | 3 4 |  4.3
Ranged Weapons | 5 |  5.1
Fighting       | |  1.5
Stealth        | |  1.5

Action                     |  1- 3 |  4- 6 || total
---------------------------+-------+-------++-------
   Fire: Shortbow          |    95 |    24 ||   119
    Use: Scroll            |     4 |     5 ||     9
 Armour: Robe              |     9 |       ||     9
  Dodge: Dodged            |    44 |     3 ||    47

Table legend:
 A = Non-vault XP
 B = Vault XP
 C = Vault XP percentage of total XP
 D = Non-vault monster count
 E = Vault monster count
 F = Vault count percentage of total count
                 A         B        C        D         E       F
            +---------+---------+-------+---------+---------+-------
      Total |     112 |       0 |   0.0 |      51 |       0 |   0.0
            +---------+---------+-------+---------+---------+-------
        D:1 |      56 |       0 |   0.0 |      33 |       0 |   0.0
        D:2 |      42 |       0 |   0.0 |      12 |       0 |   0.0
        D:3 |      14 |       0 |   0.0 |       6 |       0 |   0.0
            +---------+---------+-------+---------+---------+-------
